 Dungeon Crawl Stone Soup version 0.28-a0-1444-g6c55d0bc0c (webtiles) character file.

Game seed: 8300532332349142104

24287 Essalna the Fighter (level 13, -22/99 HPs)
             Began as a Djinni Delver on Jan 10, 2022.
             Was an Elder of Makhleb.
             Killed from afar by a gargoyle (24 damage)
             ... with a stone arrow
             ... in a volcano.
             The game lasted 00:35:16 (19006 turns).

Essalna the Fighter (Djinni Delver)                Turns: 19006, Time: 00:35:17

Health: -22/99     AC:  6    Str: 11    XL:     13   Next: 41%
Gold:   1105       EV: 21    Int: 19    God:    Makhleb [****..] SH:  0 Dex: 16

rFire   + + +      SeeInvis .   x - +7 whip of Seniup {spect, rElec Will++}
rCold   x . .      Faith    .   y - orb {light}
rNeg    . . .      Spirit   .   Q - +2 leather armour "Sonontyu" {Int+3}
rPois   ∞          Reflect  .   (no helmet)
rElec   +          Harm     .   l - +0 cloak
rCorr   .          Rampage  .   (no gloves)
Will    +++..                   (boots unavailable)
Stlth   +.........              (no amulet)
HPRegen 0.26/turn               p - +4 ring of evasion
MPRegen 0.00/turn               A - ring of protection from fire

@: flying, glowing
A: sickness immunity, fire resistance 2, cold vulnerability 1, float, innate
caster, hp casting, extra vitality 1
a: Renounce Religion, Minor Destruction, Lesser Servant of Makhleb, Major
Destruction


You were in a volcano.
You worshipped Makhleb.
Makhleb was greatly pleased with you.
You visited 3 branches of the dungeon, and saw 14 of its levels.
You also visited: Ossuary and Volcano.

You collected 1105 gold pieces.

Inventory:

Hand Weapons
 a - a +0 falchion
 i - a +0 whip of flaming
 s - a +0 mace of protection
 x - the +7 whip of Seniup (weapon) {spect, rElec Will++}
   (You found it on level 4 of the Dungeon)

   When its wielder attacks, the weapon's spirit leaps out and strikes again.
   The spirit shares a part of any damage it takes with its wielder.
   rElec:     It insulates you from electricity.
   Will:      It greatly increases your willpower.
 S - the +1 flail of Gloom {vorpal, Int+4}
   (You found it on level 2 of the Lair of Beasts)

   It inflicts extra damage upon your enemies.
   Int:       It affects your intelligence (+4).
Missiles
 B - 2 throwing nets
Armour
 b - a +0 leather armour
 l - a +0 cloak (worn)
 t - a +2 leather armour of willpower
 y - an orb of light (worn)
 C - an orb of mayhem
 Q - the +2 leather armour "Sonontyu" (worn) {Int+3}
   (You found it on level 2 of the Lair of Beasts)

   Int:       It affects your intelligence (+3).
 W - a +2 robe of cold resistance
 X - a +2 robe of fire resistance
Magical Staves
 h - a staff of earth
 J - a staff of poison
Jewellery
 p - a +4 ring of evasion (left hand)
 A - a ring of protection from fire (right hand)
 M - a +4 ring of evasion
 P - a +4 ring of protection
 V - a ring of ice
Wands
 g - a wand of digging (10)
 U - a wand of flame (10)
Scrolls
 c - 3 scrolls of fog
 d - 3 scrolls of magic mapping
 e - 3 scrolls of fear
 j - 6 scrolls of teleportation {unknown}
 k - 2 scrolls of torment {unknown}
 m - 2 scrolls of noise {unknown}
 n - 12 scrolls of identify {unknown}
 o - a scroll of holy word {unknown}
 u - 3 scrolls of enchant armour {unknown}
 E - 3 scrolls of vulnerability {unknown}
 I - 2 scrolls of summoning
 L - a scroll of acquirement {unknown}
 N - a scroll of brand weapon {unknown}
 O - a scroll of blinking {unknown}
 T - a scroll of immolation {unknown}
Potions
 f - 5 potions of haste
 q - 3 potions of lignification {unknown}
 r - 4 potions of brilliance {unknown}
 v - 4 potions of flight {unknown}
 w - 2 potions of mutation {unknown}
 z - 2 potions of resistance {unknown}
 D - 2 potions of degeneration {unknown}
 F - 3 potions of curing
 G - a potion of might {unknown}
 H - a potion of berserk rage {unknown}
 K - a potion of attraction {unknown}
 R - a potion of invisibility {unknown}


   Skills:
 + Level 11.5 Fighting
 - Level 1.7 Long Blades
 - Level 6.0 Maces & Flails
 - Level 4.1 Armour
 + Level 10.8 Dodging
 - Level 4.1 Stealth
 + Level 10.8 Spellcasting


You had 16 spell levels left.
You knew the following spells:

 Your Spells              Type           Power      Damage    Failure   Level
a - Pain                  Necr           100%       1d9       1%          1
b - Poisonous Vapours     Pois/Air       100%       N/A       1%          2
c - Searing Ray           Conj           100%       2d8       1%          2
d - Teleport Other        Tloc           51%        N/A       1%          3
e - Fulminant Prism       Conj/Hex       25%        3d14      1%          4
f - Blade Hands           Tmut           25%        N/A       2%          5
Your spell library was empty.

Dungeon Overview and Level Annotations

Branches:
Dungeon (9/15)             Temple (1/1) D:4            Lair (4/6) D:9
  Snake (0/4) Lair:2       Spider (0/4) Lair:3      Ossuary (visited)
Volcano (1/1)
    Orc: D:9-12

Altars:
Ashenzari
Cheibriados
Elyvilon
Fedhas
Gozag
Kikubaaqudgha
Makhleb
Nemelex Xobeh
Okawaru
Qazlal
Ru
Sif Muna
Trog
Uskayaw
Vehumet
Wu Jian
Xom
Yredelemnul
Zin
The Shining One

Shops:
D:1 =


Innate Abilities, Weirdness & Mutations

You are immune to sickness and miasma.
You are immune to poison.
Your flesh is very heat resistant. (rF++)
You are vulnerable to cold. (rC-)
You float through the air rather than walking.
You learn spells naturally, not from books.
Your magical power is your life essence.
You have superior vitality. (+4 MHP)


Message History

Your +7 whip of Seniup {spect, rElec Will++} hits the gargoyle but does no damage.
The gargoyle hurls a stone arrow at you.
The stone arrow misses you.
The molten gargoyle blasts magma at you!
The bolt of magma hits you! You partially resist.
You hit the gargoyle but do no damage.
The gargoyle is severely damaged.
Your +7 whip of Seniup {spect, rElec Will++} completely misses the gargoyle.
The gargoyle hurls a stone arrow at you.
The stone arrow hits you!!
You hit the gargoyle but do no damage.
The gargoyle is severely damaged.
Your +7 whip of Seniup {spect, rElec Will++} hits the gargoyle but does no damage.
The gargoyle hurls a stone arrow at you.
The stone arrow hits you!!
* * * LOW HITPOINT WARNING * * *
You hit the gargoyle but do no damage.
The gargoyle is severely damaged.
Your +7 whip of Seniup {spect, rElec Will++} hits the gargoyle but does no damage.
The gargoyle misses you. The molten gargoyle barely misses you.
You hit the gargoyle but do no damage.
The gargoyle is severely damaged.
Your +7 whip of Seniup {spect, rElec Will++} hits the gargoyle but does no damage.
You feel better. The gargoyle barely misses you.
The molten gargoyle blasts magma at you!
The bolt of magma misses you.
You hit the gargoyle but do no damage.
The gargoyle is severely damaged.
Your +7 whip of Seniup {spect, rElec Will++} hits the gargoyle.
The molten gargoyle barely misses you.
The gargoyle hits you but does no damage.
You hit the gargoyle but do no damage.
The gargoyle is almost destroyed.
Your +7 whip of Seniup {spect, rElec Will++} closely misses the gargoyle.
The molten gargoyle blasts magma at you!
The bolt of magma hits you! You partially resist.
* * * LOW HITPOINT WARNING * * *
The gargoyle hurls a stone arrow at you.
The stone arrow hits you!!
You die...

#..# ########..# ≈≈§§≈
##.8..8##..#### ≈≈≈§
#8.....'.8...8# ≈≈≈≈
#......').....# ≈≈≈
#∩.∩...#..⌠...# ####≈####
#......+......####§.≈≈≈≈≈###
#8.....+.8...8#.9(§#≈≈≈≈≈≈§#
##.8..8##..####.@9§.≈≈≈≈≈§≈≈
########..# #..#..#≈§≈≈§≈≈
#..####))##..#≈≈≈§≈≈
#..##.'..###..≈≈§≈≈#
#..####..# #.#≈≈≈##
#..####..# ..##9# #..##.'..#
....#.. #..####..# ... ..
#(.# #..#


You could see a molten gargoyle, a gargoyle and a friendly +7 whip of Seniup
{spect, rElec Will++} (summoned).

Vanquished Creatures
  A hydra (Lair:2)
  Fannar (Lair:3)
  A boulder beetle (Lair:2)
  A two-headed ogre (D:9)
  8 death yaks
  A wizard (Volcano)
  Pikel (D:4)
  A cyclops (Volcano)
  3 salamanders (Volcano)
  A molten gargoyle (Volcano)
  2 black mambas
  5 cane toads
  A gargoyle (Volcano)
  2 rime drakes
  8 komodo dragons
  5 blink frogs (Lair:1)
  Grinder (D:4)
  Prince Ribbit (D:8)
  3 slime creatures (D:9)
  A wraith (D:9)
  5 wyverns
  9 yaks
  A steam dragon (D:9)
  3 basilisks
  2 redbacks (Lair:3)
  An acid dragon (D:9)
  2 nagas (Lair:2)
  8 water moccasins
  2 ice beasts
  An orc warrior (D:8)
  3 black bears
  4 wolves (Lair:3)
  4 centaurs
  A phantom (D:5)
  2 kobold brigands
  9 bullfrogs
  2 scorpions
  A water moccasin skeleton (D:5)
  7 killer bees
  4 wights (D:8)
  2 howler monkeys
  2 bullfrog zombies (D:6)
  2 orc priests (D:8)
  A gnoll shaman (D:7)
  A bullfrog skeleton (D:7)
  3 hounds
  A jelly (D:5)
  Crazy Yiuf (D:2)
  4 iguanas
  4 orc wizards
  A hound skeleton (D:5)
  8 mummies (Ossuary)
  13 gnolls
  9 adders
  A howler monkey skeleton (D:7)
  3 white imps
  5 worms
  2 adder skeletons
  2 dart slugs (D:4)
  25 orcs
  15 endoplasms
  5 giant cockroaches
  2 gnoll zombies (Ossuary)
  8 goblins
  8 hobgoblins
  6 quokkas
  11 ball pythons
  9 bats
  A frilled lizard (D:1)
  5 hobgoblin zombies (Ossuary)
  10 kobolds
  A kobold zombie (Ossuary)
  4 rats
294 creatures vanquished.

Vanquished Creatures (others)
  A kobold brigand (D:9)
  A bush (Lair:2)
  38 fulminant prisms
  17 fungi
  25 plants
82 creatures vanquished.

Grand Total: 376 creatures vanquished

Notes
Turn   | Place    | Note
-------+----------+-------------------------------------------
     0 | D:5      | Essalna the Djinni Delver began the quest for the Orb.
     0 | D:5      | Reached XP level 1. HP: 20/20 MP: 0/0
     7 | D:5      | Noticed an iguana
   144 | D:5      | Noticed a hound
   196 | D:5      | Noticed a water moccasin
   205 | D:5      | Killed a water moccasin
   206 | D:5      | Reached XP level 2. HP: 13/25 MP: 0/0
   206 | D:5      | Reached XP level 3. HP: 15/30 MP: 0/0
   206 | D:5      | Learned a level 1 spell: Pain
   206 | D:5      | Reached XP level 4. HP: 18/35 MP: 0/0
   206 | D:5      | Reached XP level 5. HP: 20/40 MP: 0/0
   206 | D:5      | Learned a level 2 spell: Poisonous Vapours
   618 | D:4      | Reached XP level 6. HP: 27/46 MP: 0/0
   626 | D:4      | Noticed Pikel
   659 | D:4      | Killed Pikel
   660 | D:4      | Reached skill level 5 in Spellcasting
   660 | D:4      | Reached XP level 7. HP: 9/50 MP: 0/0
   660 | D:4      | Learned a level 2 spell: Searing Ray
  1122 | D:2      | Found a runed translucent door.
  1123 | D:2      | Noticed Crazy Yiuf
  1178 | D:2      | Killed Crazy Yiuf
  1651 | D:2      | Reached XP level 8. HP: 38/56 MP: 0/0
  2405 | D:1      | Found a faded altar of an unknown god.
  2409 | D:1      | Noticed an eye of devastation
  3201 | D:1      | Found Amuimp's Jewellery Emporium.
  6037 | D:4      | Identified the +7 whip of Seniup {spect, rElec Will++}
  6351 | D:4      | Found a staircase to the Ecumenical Temple.
  6380 | Temple   | Entered the Ecumenical Temple
  6522 | Temple   | Became a worshipper of Makhleb the Destroyer
  6583 | D:4      | Found a stormy altar of Qazlal.
  6829 | D:4      | Noticed Grinder
  6845 | D:4      | Killed Grinder
  6846 | D:4      | Reached skill level 1 in Maces & Flails
  7067 | D:5      | Reached skill level 4 in Fighting
  7340 | D:5      | Reached XP level 9. HP: 54/63 MP: 0/0
  7340 | D:5      | Learned a level 3 spell: Teleport Other
  7856 | D:6      | Reached skill level 5 in Fighting
  7895 | D:6      | Reached * piety under Makhleb
  8128 | D:6      | Found a sparkling altar of Nemelex Xobeh.
  8249 | D:6      | Found a hide-covered altar of Uskayaw.
  8251 | D:6      | Found an iron altar of Okawaru.
  9134 | D:7      | Reached skill level 6 in Fighting
  9478 | D:8      | Found a sand-covered staircase.
  9486 | Ossuary  | Entered an ossuary
  9542 | Ossuary  | Reached ** piety under Makhleb
  9869 | D:8      | Reached XP level 10. HP: 61/72 MP: 0/0
 10076 | D:8      | Noticed Prince Ribbit
 10086 | D:8      | Killed Prince Ribbit
 10107 | D:8      | Reached skill level 1 in Armour
 10282 | D:8      | Reached skill level 5 in Maces & Flails
 11066 | D:9      | Reached skill level 7 in Fighting
 11761 | D:9      | Noticed a two-headed ogre
 11776 | D:9      | Killed a two-headed ogre
 12095 | D:9      | Reached *** piety under Makhleb
 12101 | D:9      | Reached XP level 11. HP: 60/79 MP: 0/0
 12101 | D:9      | Learned a level 4 spell: Fulminant Prism
 12507 | D:9      | Reached skill level 5 in Dodging
 12593 | D:9      | Found a staircase to the Lair.
 12628 | Lair:1   | Entered Level 1 of the Lair of Beasts
 12680 | Lair:1   | Reached skill level 8 in Fighting
 13719 | Lair:2   | Found a staircase to the Snake Pit.
 14093 | Lair:2   | Noticed a boulder beetle
 14094 | Lair:2   | Noticed a death yak
 14110 | Lair:2   | Noticed a death yak
 14110 | Lair:2   | Noticed a death yak
 14111 | Lair:2   | Noticed a death yak
 14112 | Lair:2   | Noticed a death yak
 14336 | Lair:3   | Reached skill level 9 in Fighting
 14428 | Lair:3   | Reached XP level 12. HP: 76/89 MP: 0/0
 14586 | Lair:3   | Noticed a death yak
 14587 | Lair:3   | Noticed a death yak
 14810 | Lair:2   | Noticed a six-headed hydra
 14860 | Lair:1   | Killed a death yak
 15425 | Lair:2   | Identified the +2 leather armour "Sonontyu" {Int+3}
 15596 | Lair:2   | Killed a death yak
 15758 | Lair:2   | Killed a six-headed hydra
 15759 | Lair:2   | Reached skill level 10 in Fighting
 15959 | Lair:2   | Identified the +1 flail of Gloom {vorpal, Int+4}
 16002 | Lair:2   | Killed a boulder beetle
 16003 | Lair:2   | Reached skill level 10 in Spellcasting
 16368 | Lair:1   | Killed a death yak
 16819 | Lair:2   | Killed a death yak
 16830 | Lair:2   | Killed a death yak
 16838 | Lair:2   | Killed a death yak
 17040 | Lair:3   | Noticed a death yak
 17042 | Lair:3   | Reached **** piety under Makhleb
 17043 | Lair:3   | Reached XP level 13. HP: 97/97 MP: 0/0
 17043 | Lair:3   | Learned a level 5 spell: Blade Hands
 17159 | Lair:3   | Reached skill level 10 in Dodging
 17193 | Lair:3   | Found a hole to the Spider Nest.
 17201 | Lair:3   | Noticed Fannar
 17212 | Lair:3   | Killed Fannar
 17213 | Lair:3   | Reached skill level 11 in Fighting
 18039 | Lair:4   | Found a dark tunnel.
 18042 | Volcano  | Entered a volcano
 19006 | Volcano  | HP: 2/99 [molten gargoyle/bolt of magma (16)]
 19006 | Volcano  | Killed from afar by a gargoyle

Illustrated notes

Levels and vault maps discovered:
D:1:      roderic_dead_forest, layout_basic,
          hellmonk_ecumenical_altar_watching_god, serial_shops, shop,
          serial_curves, eino_curves_02, eino_curves_03
D:2:      layout_basic, kennysheep_cluttered_room, uniq_crazy_yiuf_cottage
D:3:      layout_loops_ring, serial_co_window_serial,
          co_window_of_opportunity_a, co_window_paths_a, co_window_corner_a,
          co_window_of_opportunity_a, co_window_corner_a, co_window_broadway_c,
          co_window_corner_b, co_window_of_opportunity_c, co_window_4corner_a,
          glass_columns_a, glass_columns_b, serial_bayou_ford_a
D:4:      layout_loops_ring, nicolae_qazlal_general_emergency,
          minmay_temple_entry_glass, corexii_hall_statues_t,
          wad_floor_pattern_2, minmay_misc_feat_chi, minivault_27, uniq_grinder,
          uniq_pikel
D:5:      layout_cave_pods
D:6:      layout_cave_pools, pf_just_have_faith,
          mainiacjoe_overflow_catwalk_spiral
D:7:      layout_loops_ring
D:8:      layout_loops_corners, chequers_ossuary_entry_cave,
          minmay_misc_feat_ornament, uniq_prince_ribbit1
D:9:      layout_small_grid, erik_lair_dragon
Temple:   nicolae_temple_elliptical
Lair:1:   layout_regular_city, minivault_27, grunt_megastairs_3
Lair:2:   layout_regular_city, guppyfry_snake_entry_island
Lair:3:   layout_small_grid, spider_nest_entry_webs, grunt_megastairs_4,
          serial_bayou_shore_a, infiniplex_staircase_pool_2, uniq_fannar
Lair:4:   nzn_winding_woodlands_stair_cross [nzn_winding_woodlands_5x15_pool,
          nzn_winding_woodlands_center_triple_pond,
          nzn_winding_woodlands_5x15_pathside_ponds,
          nzn_winding_woodlands_5x5_default, nzn_winding_woodlands_hourglass,
          nzn_winding_woodlands_5x15_sidewinder,
          nzn_winding_woodlands_center_diamonds,
          nzn_winding_woodlands_5x15_sawtooth], layout_small_grid,
          enter_volcano_1, serial_rivers, chequers_serial_rivers_micro_c,
          chequers_serial_rivers_micro_c, chequers_serial_rivers_small_3,
          chequers_serial_rivers_small_b
Volcano:  hellmonk_zot_springs

Skill      XL: |  1  2  3  4  5  6  7  8  9 10 11 12 13 |
---------------+----------------------------------------+-----
Spellcasting   | 3 4 5 6 7 8 9 10 | 10.8
Maces & Flails | 2 4 5 6 |  6.0
Fighting       | 4 6 7 9 10 11 | 11.5
Armour         | 3 4 |  4.1
Dodging        | 4 7 9 10 | 10.8
Long Blades    | |  1.7
Stealth        | |  4.1

Action                   |  1- 3 |  4- 6 |  7- 9 | 10-12 | 13-15 || total
-------------------------+-------+-------+-------+-------+-------++-------
Melee: Falchion          |    10 |    17 |    88 |       |       ||   115
       Punch             |     1 |     1 |     2 |       |       ||     4
       Whip              |       |       |   161 |   327 |   110 ||   598
 Cast: Poisonous Vapours |       |    15 |   169 |    31 |       ||   215
       Pain              |       |       |     5 |       |       ||     5
       Searing Ray       |       |       |     4 |     2 |       ||     6
       Fulminant Prism   |       |       |       |    37 |     1 ||    38
Evoke: Wand              |       |       |       |       |     1 ||     1
  Use: Scroll            |     1 |       |     1 |       |       ||     2
       Potion            |       |       |       |       |     1 ||     1
 Stab: Sleeping          |       |       |    11 |     1 |       ||    12
       Distracted        |       |       |     1 |     9 |     2 ||    12
Armor: Leather armour    |     4 |     3 |    35 |    30 |     8 ||    80
Dodge: Dodged            |     4 |    15 |   186 |   241 |    94 ||   540

Table legend: (Time is in decaauts)
 A = Elapsed time spent in this place.
 B = Non-inter-level travel time spent in this place.
 C = Inter-level travel time spent in this place.
 D = Time resting spent in this place.
 E = Time spent auto-exploring this place.
 F = Levels seen in this place.
 G = Mean time per level.
                   A        B        C        D        E       F      G
               +--------+--------+--------+--------+--------+-----+--------+
         Total |  18946 |  18316 |    630 |    396 |  15361 |  16 | 1184.1 |
       Dungeon |  12218 |  11889 |    329 |      0 |  10317 |   9 | 1357.6 |
        Temple |    160 |    135 |     25 |      0 |    118 |   1 |  160.0 |
          Lair |   5363 |   5087 |    276 |    396 |   3909 |   4 | 1340.8 |
       Ossuary |    250 |    250 |      0 |      0 |    182 |   1 |  250.0 |
       Volcano |    952 |    952 |      0 |      0 |    835 |   1 |  952.0 |
               +--------+--------+--------+--------+--------+-----+--------+

Top non-repeatable levels by time:
  Lair:2: 2618 daAuts
     D:2: 1855 daAuts
     D:9: 1599 daAuts
     D:1: 1573 daAuts
     D:3: 1543 daAuts
  Lair:3: 1381 daAuts
     D:4: 1369 daAuts
     D:5: 1362 daAuts
  Lair:1: 1333 daAuts
     D:8: 1306 daAuts
     D:7: 1017 daAuts
 Volcano: 952 daAuts
     D:6: 590 daAuts
 Ossuary: 250 daAuts
  Temple: 160 daAuts
